Map: Ruines d’Endion

Players

RedBaron

  • Race: Zerg Zerg
  • League: Gold

IA (très facile) - Winner!

  • Race: Terran Terran

VOD

Have the link to the VOD?

Description

Time

  • Played on: May 22, 2016, 3:48 a.m.
  • Length: 5:55
Show
View Real Time Build Order
Export as new Build Order

RedBaron Zerg 

Build Orders: Hatch First 

Get SALT Encoding   

  12  0:01  Drone  
  13  0:13  Overlord  
  13  0:18  Drone  
  14  0:33  Drone x2  
  16  0:36  Drone  
  17  0:54  Hatchery  
  17  0:57  Drone  
  17  1:01  Drone  
  17  1:03  Extractor  
  17  1:10  Drone  
  18  1:20  Spawning Pool  
  17  1:28  Drone  
  17  1:32  Drone  
  19  1:44  Overlord  
  19  1:53  Drone  
  20  2:02  Drone  
  20  2:07  Metabolic Boost  
  21  2:09  Queen  
  21  2:10  Queen  
  21  2:13  Zergling x2  
  26  2:17  Drone  
  27  2:27  Baneling Nest  
  27  2:28  Drone  
  27  2:33  Evolution Chamber  
  26  2:38  Drone  
  26  2:40  Drone  
  26  2:41  Overlord  
  28  2:44  Drone  
  29  2:51  Drone  
  29  2:56  Drone  
  29  2:57  Drone  
  32  3:01  Zerg Melee Weapons Level 1  
  32  3:05  Drone  
  33  3:08  Drone  
  34  3:14  Drone  
  34  3:17  Drone  
  36  3:21  Drone  
  37  3:28  Drone  
  37  3:29  Drone x2  
  37  3:30  Drone  
  41  3:38  Extractor  
  41  3:40  Hatchery  
  39  3:44  Drone x2  
  39  3:45  Drone  
  42  3:55  Overlord x3  
  42  4:04  Zergling x4  
  44  4:12  Lair  
  44  4:15  Zergling x6  
  47  4:18  Zergling x2  
  48  4:28  Zergling x12  
  54  4:35  Zergling x4  
  56  4:44  Zergling x2  
  57  4:51  Zergling x4  
  59  4:53  Queen  
  61  5:00  Baneling x15  
  61  5:05  Zergling x12  
  61  5:06  Zergling x2  
  68  5:18  Zergling x2  
  68  5:19  Zergling x8  
Show
View Real Time Build Order
Export as new Build Order

IA (très facile) Terran - Winner!

Build Orders:  

Get SALT Encoding   

  12  0:00  SCV  
  13  0:13  SCV  
  14  0:19  Supply Depot  
  14  0:37  Refinery  
  14  0:42  Barracks  
  14  1:04  Supply Depot  
  14  1:12  Refinery  
  14  1:29  Orbital Command  
  14  1:30  Marine  
  15  1:49  Barracks Tech Lab  
  15  1:55  SCV  
  16  2:07  SCV  
  17  2:15  Marine  
  18  2:19  SCV  
  19  2:31  SCV  
  20  2:43  SCV  
  21  2:55  SCV  
  22  3:00  Marauder  
  24  4:44  SCV  
  24  5:18  SCV  
  24  5:34  SCV  
  25  5:43  Supply Depot  
Tags
 
Add a new tag
Caveats
  • Supply blocks, unpowered buildings, or Contaminate may cause inaccurate times.
  • Supply counts are checked every 10 seconds.